 Dungeon Crawl Stone Soup version 0.24.0-28-g17ded55e90 (webtiles) character file.

Game seed: 15154455677713737248, levelgen mode: deterministic

6519 Gumption the Carver (level 11, 0/87 HPs)
             Began as a Barachi Fighter on Nov 13, 2019.
             Was a Priest of Makhleb.
             Slain by a troll (11 damage)
             ... on level 10 of the Dungeon on Nov 14, 2019.
             The game lasted 01:03:46 (11007 turns).

Gumption the Carver (Barachi Fighter)              Turns: 11007, Time: 01:03:46

Health: 0/87       AC: 15    Str: 21    XL:     11   Next: 0%
Magic:  12/12      EV:  9    Int:  8    God:    Makhleb [***...]
Gold:   617        SH: 13    Dex: 17    Spells: 10/10 levels left

rFire    . . .     SeeInvis .   a - +0 long sword
rCold    . . .     Gourm    .   c - +0 shield
rNeg     + . .     Faith    .   C - +5 ring mail "Qefaqiek" {rN+}
rPois    .         Spirit   .   K - +0 helmet
rElec    .         Reflect  .   E - +0 cloak
rCorr    .         Harm     .   o - +0 pair of gloves
MR       .....                  (no boots)
Stlth    +.........             (no amulet)
HPRegen  0.24/turn              s - +5 ring of dexterity
MPRegen  0.13/turn              (no ring)

@: hasted and slowed, slow
A: +LOS, swims, slowness 1, strong legs 1
a: Hop, Minor Destruction, Lesser Servant of Makhleb, Renounce Religion


You were on level 10 of the Dungeon.
You worshipped Makhleb.
Makhleb was most pleased with you.
You were not hungry.

You visited 2 branches of the dungeon, and saw 12 of its levels.

You collected 617 gold pieces.

Inventory:

Hand Weapons
 a - a +0 long sword (weapon)
 b - a +0 hunting sling of freezing
 w - a +2 short sword of flaming
Missiles
 f - 268 stones
 A - 6 boomerangs
 D - 24 poisoned darts (quivered)
 G - 10 atropa-tipped darts
 I - 74 sling bullets
 Q - 7 javelins
 U - a curare-tipped dart
Armour
 c - a +0 shield (worn)
 d - a +0 leather armour of fire resistance
 o - a +0 pair of gloves (worn)
 C - the +5 ring mail "Qefaqiek" (worn) {rN+}
   (You found it on level 5 of the Dungeon)

   It protects you from negative energy.
 E - a +0 cloak (worn)
 F - a +0 plate armour
 K - a +0 helmet (worn)
Jewellery
 s - a +5 ring of dexterity (left hand)
 B - an uncursed amulet of rage {unknown}
 P - an uncursed amulet of rage {unknown}
Wands
 p - a wand of digging (7)
 y - a wand of random effects (15)
 z - a wand of paralysis (9)
 J - a wand of enslavement (11)
 R - a wand of acid (7)
 X - a wand of disintegration (17)
Scrolls
 h - 4 scrolls of teleportation
 m - 7 scrolls of remove curse
 n - 2 scrolls of magic mapping
 r - 3 scrolls of fear
 u - 5 scrolls of immolation
 L - a scroll of enchant weapon {unknown}
 M - a scroll of vulnerability {unknown}
 N - a scroll of fog {unknown}
 S - a scroll of identify
 T - a scroll of summoning {unknown}
Potions
 g - a potion of invisibility {unknown}
 i - 3 potions of agility
 j - 2 potions of brilliance {unknown}
 k - a potion of resistance
 l - 2 potions of haste
 q - 3 potions of magic
 t - 2 potions of flight
 v - 2 potions of curing {unknown}
 x - 2 potions of degeneration {unknown}
 H - a potion of heal wounds
 O - 2 potions of cancellation {unknown}
 V - a potion of mutation {unknown}
 W - a potion of might
Comestibles
 e - 12 rations


   Skills:
 + Level 8.8 Fighting
 * Level 11.4 Long Blades
 - Level 8.0 Armour
 * Level 10.8 Shields
 + Level 2.4 Invocations


You had 10 spell levels left.
You didn't know any spells.
Your spell library contained the following spells:

 Spells                   Type           Power        Failure   Level  Hunger
 Beastly Appendage        Tmut           #.....       75%         1    ##.....
 Sticks to Snakes         Tmut           #.......     86%         2    ###....
 Spider Form              Tmut/Pois      #.........   98%         3    ####...
 Ice Form                 Ice/Tmut       #.......     100%        4    #####..
 Blade Hands              Tmut           #.........   100%        5    ######.


Dungeon Overview and Level Annotations

Branches:
Dungeon (11/15)            Temple (1/1) D:7            Lair (0/6) D:11
    Orc (0/2) D:11

Altars:
Ashenzari
Cheibriados
Dithmenos
Elyvilon
Fedhas
Gozag
Hepliaklqana
Kikubaaqudgha
Makhleb
Nemelex Xobeh
Okawaru
Qazlal
Ru
Sif Muna
Trog
Uskayaw
Vehumet
Wu Jian
Xom
Yredelemnul
Zin
The Shining One

Shops:
D:4 }   D:9 :


Innate Abilities, Weirdness & Mutations

Shadows flee at your approach. (+LOS)
You can swim through water.
You cover ground slowly.
You can hop short distances.


Message History

The troll bites you but does no damage. The troll claws you but does no damage.
You block the troll's attack.
The centaur hits you but does no damage.
You closely miss the orc wizard.
The orc wizard is moderately wounded.
The centaur hits you.
* * * LOW HITPOINT WARNING * * *
You block the orc wizard's attack. You block the troll's attack.
The troll claws you!
* * * LOW HITPOINT WARNING * * *
The troll barely misses you. The centaur misses you.
The orc wizard closely misses you.
You riposte.
You slash the orc wizard!
You kill the orc wizard!
Makhleb accepts your kill.
You feel better.
You feel yourself speed up. You block the centaur's attack.
The troll bites you.
* * * LOW HITPOINT WARNING * * *
You block the troll's attack. The troll claws you!
You die...

### # ##############.########
#######........T)...........#
.....##.#####(oc@....######.#
.######.#####.######.# #.# ..#
#.......## #.# #.##### ..##
#.#####.<#####.# #...... ...#
#.#.........##.### ###.###
##.####.#......c..##...######.###
...............>o..#.#...........
###.###.#..........#.#.#.#.######
###..##.#............#.#.#.#


You could see a troll, a centaur and an orc.

Vanquished Creatures
  A two-headed ogre (D:10)
  Pikel (D:6)
  Maurice (D:9)
  A centaur skeleton (D:10)
  A troll (D:10)
  A hippogriff (D:10)
  Sigmund (D:3)
  A wyvern (D:8)
  A vampire (D:10)
  A hungry ghost (D:9)
  A water moccasin (D:8)
  Edmund (D:5)
  An orc warrior (D:7)
  2 sky beasts
  An ice beast (D:7)
  2 phantoms
  A slave (D:6)
  A wolf (D:10)
  3 centaurs (D:6)
  4 ogres
  6 bullfrogs
  A wyvern zombie (D:8)
  A water moccasin zombie (D:7)
  3 scorpions
  6 killer bees (D:7)
  2 howler monkeys (D:9)
  7 wights
  2 crimson imps (D:7)
  A quasit (D:8)
  2 centaur zombies (D:5)
  4 bullfrog skeletons
  A gnoll shaman (D:6)
  5 hounds
  4 jellies
  An orc priest (D:10)
  2 orc wizards
  2 iguanas
  Ijyb (D:5)
  3 worker ants
  A hound skeleton (D:8)
  2 worker ant zombies
  6 gnolls
  8 adders
  6 shadow imps
  An ooze (D:3)
  An adder skeleton (D:9)
  4 dart slugs
  8 leopard geckos
  19 orcs
  3 giant cockroaches
  9 hobgoblins
  12 jackals
  9 kobolds
  2 quokkas
  2 ball pythons
  6 bats
  3 frilled lizards
  7 goblins
  A jackal skeleton (D:8)
  A leopard gecko skeleton (D:7)
  A leopard gecko zombie (D:5)
  A quokka zombie (D:3)
  12 rats
206 creatures vanquished.

Vanquished Creatures (others)
  3 slaves (D:6)
  A wight (D:6)
  An orc wizard (D:6)
  2 gnolls (D:6)
  An orc (D:6)
8 creatures vanquished.

Grand Total: 214 creatures vanquished

Notes
Turn   | Place    | Note
-------+----------+-------------------------------------------
     0 | D:1      | Gumption the Barachi Fighter began the quest for the Orb.
     0 | D:1      | Reached XP level 1. HP: 18/18 MP: 1/1
     4 | D:1      | You fall into a shaft and drop 1 floor!
   136 | D:2      | Reached XP level 2. HP: 23/25 MP: 2/2
   571 | D:1      | Reached skill level 3 in Long Blades
   590 | D:1      | Reached XP level 3. HP: 29/30 MP: 3/3
  1309 | D:2      | Reached XP level 4. HP: 31/37 MP: 4/4
  1376 | D:2      | Found a burning altar of Makhleb.
  1376 | D:2      | Found a shimmering altar of Xom.
  1382 | D:2      | Became a worshipper of Makhleb the Destroyer
  1907 | D:3      | Found a glowing golden altar of the Shining One.
  2116 | D:3      | Noticed Sigmund
  2123 | D:3      | Killed Sigmund
  2123 | D:3      | Reached skill level 4 in Long Blades
  2123 | D:3      | Reached skill level 5 in Shields
  2123 | D:3      | Reached XP level 5. HP: 37/43 MP: 5/5
  2123 | D:3      | Reached XP level 6. HP: 42/49 MP: 6/6
  2310 | D:3      | Reached * piety under Makhleb
  2936 | D:4      | Reached skill level 5 in Long Blades
  2969 | D:4      | Found Aruuv's Gadget Shop.
  3170 | D:4      | Reached skill level 5 in Armour
  3207 | D:5      | Entered Level 5 of the Dungeon
  3249 | D:5      | Reached skill level 5 in Fighting
  3249 | D:5      | Reached XP level 7. HP: 43/56 MP: 7/7
  3683 | D:5      | Reached skill level 6 in Long Blades
  3719 | D:5      | Noticed Edmund
  3731 | D:5      | Killed Edmund
  3746 | D:5      | Reached XP level 8. HP: 53/63 MP: 8/8
  3993 | D:5      | Got a polished ring mail
  4138 | D:5      | Found a white marble altar of Elyvilon.
  4222 | D:5      | Noticed Ijyb
  4230 | D:5      | Killed Ijyb
  5115 | D:6      | Reached skill level 7 in Long Blades
  5140 | D:6      | Noticed Pikel
  5470 | D:6      | Reached ** piety under Makhleb
  5695 | D:6      | Killed Pikel
  5695 | D:6      | Reached skill level 8 in Long Blades
  5695 | D:6      | Reached XP level 9. HP: 42/71 MP: 9/9
  6213 | D:6      | You fall into a shaft and drop 3 floors!
  6296 | D:8      | Reached skill level 9 in Long Blades
  7411 | D:7      | Identified the +5 ring mail "Qefaqiek" {rN+} (You found it
                  | on level 5 of the Dungeon)
  7476 | D:7      | Reached XP level 10. HP: 58/79 MP: 10/10
  7628 | D:7      | Found a shadowy altar of Dithmenos.
  7628 | D:7      | Found a white marble altar of Elyvilon.
  7664 | D:7      | Found a staircase to the Ecumenical Temple.
  7676 | Temple   | Entered the Ecumenical Temple
  8081 | D:7      | Reached *** piety under Makhleb
  8085 | D:7      | Reached skill level 10 in Long Blades
  9394 | D:9      | Noticed Maurice
  9398 | D:9      | Paralysed by Maurice for 4 turns
  9409 | D:9      | Killed Maurice
  9409 | D:9      | Reached skill level 10 in Shields
  9409 | D:9      | Reached skill level 1 in Invocations
  9466 | D:9      | Found Gotuax's Book Emporium.
  9619 | D:10     | Entered Level 10 of the Dungeon
  9619 | D:10     | Found a shadowy altar of Dithmenos.
 10298 | D:10     | Reached skill level 11 in Long Blades
 10507 | D:10     | Noticed a two-headed ogre
 10535 | D:10     | Killed a two-headed ogre
 10911 | D:11     | Noticed a kobold demonologist
 10911 | D:11     | Noticed a kobold demonologist
 10911 | D:11     | Noticed a kobold demonologist
 10998 | D:10     | Reached XP level 11. HP: 42/87 MP: 12/12
 11007 | D:10     | Slain by a troll

Levels and vault maps discovered:
D:1:      dpeg_arrival_houses_and_road, layout_basic,
          chequers_serial_rivers_room_b, minmay_pentomino_p2
D:2:      layout_loops_ring, gammafunk_temple_overflow_statue
D:3:      layout_rooms, first_ration, nicolae_tso_carved_into_rock, uniq_sigmund
D:4:      layout_rooms, serial_shops, nicolae_shop_window_shopping
D:5:      layout_layer_cave, basic_altar, uniq_edmund, uniq_ijyb
D:6:      layout_loops_ring, uniq_pikel
D:7:      layout_loops_cross, gammafunk_temple_overflow_elements,
          minmay_temple_entry_stoned_glass
D:8:      layout_basic
D:9:      layout_gridville, serial_shops, shop, uniq_maurice
D:10:     layout_basic, basic_altar
D:11:     layout_cave_pools, erik_lair_island, orc_0_dummy,
          portal_ice_cave_rime, minmay_quadrilaterals
Temple:   eino_narrow_crystal_temple

Skill      XL: |  1  2  3  4  5  6  7  8  9 10 |
---------------+-------------------------------+-----
Long Blades    | 3 4 5 6 8 9 11 | 11.4
Armour         | 4 5 6 7 8 |  8.0
Fighting       | 4 5 6 7 8 |  8.8
Shields        | 4 5 6 8 9 10 | 10.8
Invocations    | 2 |  2.4

Action                   |  1- 3 |  4- 6 |  7- 9 | 10-12 || total
-------------------------+-------+-------+-------+-------++-------
Melee: Long sword        |   134 |   127 |   430 |   251 ||   942
 Fire: Hunting sling     |       |     4 |    48 |       ||    52
Throw: Stone             |    16 |     6 |     5 |       ||    27
       Dart              |       |     4 |    10 |    35 ||    49
       Javelin           |       |       |       |     8 ||     8
       Boomerang         |       |       |       |     8 ||     8
 Abil: Hop               |       |       |     1 |     2 ||     3
  Use: Scroll            |     5 |     7 |     1 |     2 ||    15
       Potion            |       |       |     5 |     3 ||     8
  Eat: Chunk             |     2 |     7 |     8 |    10 ||    27
       Ration            |       |       |     3 |     1 ||     4
Armor: Scale mail        |    49 |    38 |       |       ||    87
       Chain mail        |       |       |   153 |       ||   153
       Ring mail         |       |       |    18 |   128 ||   146
Dodge: Dodged            |    40 |    39 |    80 |    97 ||   256
Block: Shield            |    72 |    73 |   242 |   198 ||   585
       Rpst.: Long sword |    13 |    13 |    29 |    20 ||    75
